AoeStats
← 瞌睡虫

Arabia

504029018Analyzed
1v1 RM · 28d ago on Sep 3, 2026· 36m 16s· 2 players
Game mode
Random Map
Map size
Tiny (2 player)
Population
200
Speed
Normal
Resources
Standard
Victory
Conquest
Starting age
Dark Age
Ending age
Imperial Age
RankedLock teamsTeams togetherTeam positionsShared explorationLock speedFull tech treeHidden civsTurbo modeCheats
Victory
Defeat
🇹🇼 Vikings · Taiwan
2024
+11
🇩🇪 Japanese · Germany
1901
-11
Sir_Ragealot
6:59 Loom
9:22 Feudal Age
9:29 Man-at-Arms
11:47 Double-Bit Axe
14:39 Fletching
22:09 Castle Age
20:26 Horse Collar
21:53 Gold Mining
23:33 Bow Saw
23:49 Stone Mining
25:21 Town Watch
28:42 Bodkin Arrow
30:16 Scale Mail Armor
33:57 Wheelbarrow
36:47 Chain Mail Armor
瞌睡虫
6:22 Loom
8:57 Feudal Age
11:10 Double-Bit Axe
11:23 Fletching
16:38 Padded Archer Armor
21:50 Castle Age
19:40 Horse Collar
22:26 Bodkin Arrow
22:45 Bow Saw
24:26 Gold Mining
26:02 Town Watch
32:53 Ballistics
35:59 Imperial Age
33:59 Leather Archer Armor
34:08 Crossbowman
34:22 Crossbowman
35:49 Heavy Plow
37:09 Gold Shaft Mining
Connection lost

Rejoining the realm…

Still unreachable

The connection could not be restored.

Session expired

The server has moved on; the page needs a fresh start.